 Dungeon Crawl Stone Soup version 0.30-a0-711-gf4ac18a38d (webtiles) character file.

Game seed: 8343789677689956817

243 flotson the Sneak (level 5, -3/41 HPs)
             Began as a Demonspawn Delver on Jan 22, 2023.
             Was an Initiate of Hepliaklqana.
             Killed from afar by Blork the orc (11 damage)
             ... with a puff of frost
             ... on level 4 of the Dungeon.
             The game lasted 00:07:30 (2941 turns).

flotson the Sneak (Demonspawn Delver)               Turns: 2941, Time: 00:07:31

Health: -3/41      AC:  7    Str: 15    XL:     5   Next: 82%
Magic:  6/6        EV: 10    Int: 11    God:    Hepliaklqana [......]
Gold:   193        SH:  0    Dex: 14    Spells: 3/5 levels left

rFire   . . .      SeeInvis .    s - +1 whip (freeze)
rCold   . . .      Faith    .    (no shield)
rNeg    . . .      Spirit   .    j - +0 scale mail
rPois   .          Reflect  .    (helmet restricted)
rElec   .          Harm     .    (no cloak)
rCorr   .          Rampage  .    (no gloves)
Will    .....                    v - +0 pair of boots
Stlth   ++                       (no amulet)
HPRegen 0.26/turn                m - ring of flight
MPRegen 0.20/turn                (no ring)

@: flying, invisible
A: antennae 1, magic regeneration, demonic magic 2
a: Renounce Religion


You were on level 4 of the Dungeon.
You worshipped Hepliaklqana.
Hepliaklqana was noncommittal.
You visited 2 branches of the dungeon, and saw 6 of its levels.

You collected 193 gold pieces.

Inventory:

Hand Weapons
 s - a +1 whip of freezing (weapon)
Missiles
 d - 3 poisoned darts (quivered)
Armour
 j - a +0 scale mail (worn)
 v - a +0 pair of boots (worn)
Jewellery
 m - a ring of flight (left hand)
Wands
 g - a wand of digging (3)
 h - a wand of flame (22)
Scrolls
 a - a scroll of poison {unknown}
 b - 2 scrolls of identify {unknown}
 c - 3 scrolls of fog
 e - a scroll of fear
 f - a scroll of silence {unknown}
 k - 2 scrolls of teleportation {unknown}
 n - a scroll of noise {unknown}
 r - a scroll of amnesia {unknown}
 u - a scroll of vulnerability {unknown}
 w - a scroll of magic mapping
 y - a scroll of brand weapon {unknown}
Potions
 i - 2 potions of curing
 l - a potion of lignification
 t - a potion of berserk rage {unknown}
 x - a potion of attraction {unknown}


   Skills:
 + Level 3.6 Fighting
 + Level 2.6 Axes
 + Level 1.1 Throwing
 + Level 1.4 Armour
 + Level 2.5 Dodging
 - Level 5.0 Stealth
 + Level 0.8 Spellcasting
 + Level 1.1 Summonings
 + Level 1.0 Invocations
 + Level 1.6 Evocations


You had 3 spell levels left.
You knew the following spells:

 Your Spells              Type           Power      Damage    Failure   Level
a - Call Imp              Summ           3%         N/A       77%         2

Your spell library contained the following spells:

 Spells                   Type           Power      Damage    Failure   Level
 Apportation              Tloc           0%         N/A       78%         1
 Magic Dart               Conj           0%         1d3       78%         1
 Mephitic Cloud           Conj/Pois/Air  0%         N/A       98%         3
 Alistair's Intoxication  Tmut/Pois      0%         N/A       100%        5


Dungeon Overview and Level Annotations

Branches:
Dungeon (5/15)             Temple (1/1) D:4

Altars:
Cheibriados
Dithmenos
Hepliaklqana
Kikubaaqudgha
Nemelex Xobeh
Okawaru
Ru
Sif Muna
Trog
Xom
Yredelemnul

Annotations:
D:4 1 runed translucent door, Blork the orc, Crazy Yiuf


Innate Abilities, Weirdness & Mutations

You have a pair of small antennae on your head.
You regenerate magic rapidly.
Spells you cast may paralyse nearby enemies.


Message History

* * * LOW HITPOINT WARNING * * *
You hit Blork the orc. You freeze Blork the orc.
Blork the orc is heavily wounded.
Blork the orc hits you with a +0 scimitar!
* * * LOW HITPOINT WARNING * * *
You feel better.
Blork the orc hits you but does no damage. x2
It was a potion of cancellation.
Your magical effects are unravelling.
You feel magically purged.
You feel less wooden.
Your +0 pair of boots unmelds from your body.
Your +0 scale mail unmelds from your body.
Blork the orc hits you with a +0 scimitar.
* * * LOW HITPOINT WARNING * * *
It was a potion of invisibility.
You fade into invisibility!
Blork the orc closely misses you. Blork the orc barely misses you.
Found a hammer.
Found a runed translucent door.
Blork the orc casts a spell at something.
Throw: 4 darts (poison)
Press: ? - help, Q - select action, (/) - cycle Shift-Dir - straight line, f - Blork the orc
Aim: Blork the orc, wielding a +0 scimitar and wearing a +0 robe (heavily wounded, fast, unable to see you, 63% to hit)
You throw a poisoned dart. The poisoned dart hits Blork the orc.
Blork the orc is poisoned.
Blork the orc is heavily wounded.
Blork the orc misses you.
You closely miss Blork the orc.
Blork the orc is heavily wounded.
Blork the orc closely misses you.
You barely miss Blork the orc.
Blork the orc is heavily wounded.
Blork the orc barely misses you.
Blork the orc hits you with a +0 scimitar.
* * * LOW HITPOINT WARNING * * *
You closely miss Blork the orc. You punch Blork the orc.
Blork the orc is severely wounded.
Blork the orc points at you and mumbles some strange words.
The puff of frost hits you!
You die...

.....#******
.....#,,,,+*
...o.+,,,,** .....#,,,,*
##### .....##,,,* #)g.#
#.....#,,,* #...#
#.....#,,,** *...*
#.....#,,,+* *#+#*
#.....#,,,** ♣@♣♣
+.....#,,,* ♣♣o♣
#.....#,,,* ♣.♣♣
......#,,,* ♣♣.♣ ###
......###### ♣♣.♣♣ #.#
...........# ♣♣...♣ #<#
...........# ♣.o..♣ #†#
...........# ##..## #W#
...........####....###.#


You could see Blork the orc (fast, unable to see you, poisoned) and Crazy Yiuf
(asleep).

Vanquished Creatures
  A phantom (D:4)
  7 adders
  An adder zombie (D:4)
  3 worms
  3 dart slugs
  5 orcs
  9 endoplasms
  4 giant cockroaches
  7 goblins
  6 hobgoblins
  6 kobolds
  A quokka (D:2)
  4 ball pythons
  6 bats
  5 frilled lizards
  26 rats
94 creatures vanquished.

Vanquished Creatures (others)
  4 plants (D:2)
4 creatures vanquished.

Grand Total: 98 creatures vanquished

Notes
Turn   | Place    | Note
-------+----------+-------------------------------------------
     0 | D:5      | flotson the Demonspawn Delver began the quest for the Orb.
     0 | D:5      | Reached XP level 1. HP: 18/18 MP: 1/1
    46 | D:5      | Gained mutation: Spells you cast may paralyse adjacent
                  | enemies. [demonic ancestry]
    46 | D:5      | Reached XP level 2. HP: 17/24 MP: 2/2
    97 | D:4      | Found a basalt altar of Yredelemnul.
   304 | D:4      | Found a staircase to the Ecumenical Temple.
   313 | Temple   | Entered the Ecumenical Temple
   313 | Temple   | Found a transporter.
   313 | Temple   | Found a transporter.
   315 | Temple   | Found a transporter.
   315 | Temple   | Found a transporter.
   430 | D:4      | Gained mutation: You regenerate magic rapidly. [demonic
                  | ancestry]
   430 | D:4      | Reached XP level 3. HP: 28/29 MP: 3/3
   504 | D:4      | Noticed a phantom
   520 | D:4      | Noticed Blork the orc
   571 | D:4      | Reached skill level 1 in Evocations
   651 | D:2      | Found an ancient bone altar of Kikubaaqudgha.
   982 | D:1      | Reached skill level 1 in Armour
   982 | D:1      | Gained mutation: Spells you cast may paralyse nearby
                  | enemies. [demonic ancestry]
   982 | D:1      | Reached XP level 4. HP: 31/35 MP: 4/4
  1025 | D:1      | Learned a level 2 spell: Call Imp
  2014 | D:2      | Gained mutation: You have a pair of small antennae on your
                  | head. [demonic ancestry]
  2014 | D:2      | Reached XP level 5. HP: 41/41 MP: 5/5
  2209 | D:3      | Found a hazy altar of Hepliaklqana.
  2213 | D:3      | Found a shadowy altar of Dithmenos.
  2213 | D:3      | Noticed a shadow
  2218 | D:3      | Became a worshipper of Hepliaklqana the Forgotten
  2615 | D:3      | Found a shimmering altar of Xom.
  2925 | D:4      | Killed a phantom
  2926 | D:4      | Reached skill level 1 in Throwing
  2926 | D:4      | Reached skill level 5 in Stealth
  2926 | D:4      | Reached skill level 1 in Summonings
  2926 | D:4      | Reached skill level 1 in Invocations
  2934 | D:4      | Found a runed translucent door.
  2935 | D:4      | Noticed Crazy Yiuf
  2941 | D:4      | Killed from afar by Blork the orc

Illustrated notes

Levels and vault maps discovered:
D:1:      amcnicky_arrival_choice, layout_loops_ring
D:2:      layout_rooms, basic_altar, serial_forest, infiniplex_forest_corner_1,
          infiniplex_forest_straight_2, infiniplex_forest_side_room,
          infiniplex_forest_end_1, infiniplex_forest_clump_double,
          infiniplex_forest_lined_2, infiniplex_forest_straight_3,
          infiniplex_forest_lined_ring, infiniplex_forest_corner_1,
          minmay_rat_hole
D:3:      layout_basic, amcnicky_altar_gilded,
          riverfiend_overflow_shadow_ancestor, grunt_decor_arrowhead
D:4:      layout_gridville, nicolae_yredelemnul_corpse_copse,
          ashenzari_conservatory_becter, minmay_temple_entry_purple_smoke,
          uniq_crazy_yiuf_cottage, uniq_blork_the_orc
D:5:      gammafunk_wand_slinger, layout_loops_cross, serial_shops, shop_statue
Temple:   hellmonk_temple_divided_pantheon

Skill      XL: |  1  2  3  4  5 |
---------------+----------------+-----
Axes           | 2 |  2.6
Dodging        | 2 |  2.5
Evocations     | 1 |  1.6
Armour         | 1 |  1.4
Throwing       | 1 |  1.1
Stealth        | 5 |  5.0
Summonings     | 1 |  1.1
Invocations    | 1 |  1.0
Fighting       | |  3.6
Spellcasting   | |  0.8

Action                     |  1- 3 |  4- 6 || total
---------------------------+-------+-------++-------
  Melee: Hand axe          |    54 |       ||    54
         Punch             |     2 |     1 ||     3
         Flail             |    50 |    43 ||    93
         Whip              |       |   159 ||   159
  Throw: Dart              |       |     1 ||     1
  Evoke: Wand              |     3 |       ||     3
    Use: Potion            |     1 |     6 ||     7
         Scroll            |     1 |     1 ||     2
   Stab: Sleeping          |     1 |     6 ||     7
 Armour: Leather armour    |    13 |       ||    13
         Scale mail        |    33 |    81 ||   114
         Skin              |       |    24 ||    24
  Dodge: Dodged            |    51 |    99 ||   150

Table legend: (Time is in decaauts)
 A = Elapsed time spent in this place.
 B = Non-inter-level travel time spent in this place.
 C = Inter-level travel time spent in this place.
 D = Time resting spent in this place.
 E = Time spent auto-exploring this place.
 F = Levels seen in this place.
 G = Mean time per level.
                   A        B        C        D        E       F      G
               +--------+--------+--------+--------+--------+-----+--------+
         Total |   2965 |   2899 |     66 |      6 |   1985 |   6 |  494.2 |
       Dungeon |   2920 |   2854 |     66 |      6 |   1984 |   5 |  584.0 |
        Temple |     44 |     44 |      0 |      0 |      1 |   1 |   44.0 |
               +--------+--------+--------+--------+--------+-----+--------+

Top non-repeatable levels by time:
     D:2: 837 daAuts
     D:1: 741 daAuts
     D:3: 729 daAuts
     D:4: 517 daAuts
     D:5: 95 daAuts
  Temple: 44 daAuts
